 Dungeon Crawl Stone Soup version 0.22-a0-161-g198051c (webtiles) character file.

2501 vishdafish the Ruffian (level 9, -2/150 HPs)
             Began as a Troll Fighter on Feb 11, 2018.
             Slain by a reaper
             ... wielding a +3 scythe of protection
             ... created by the severe capriciousness of Xom
              (4 damage)
             ... on level 6 of the Dungeon.
             The game lasted 00:12:05 (4849 turns).

vishdafish the Ruffian (Troll Fighter)              Turns: 4849, Time: 00:12:06

Health: -2/150     AC: 27    Str: 25 (26) XL:     9   Next: 28%
Magic:  8/8        EV:  1    Int:  2      God:    Xom [*.....]
Gold:   303        SH: 10    Dex: 11 (12) Spells: 8/8 levels left

rFire    . . .     SeeInvis +     - Unarmed
rCold    . . .     Gourm    +   b - +0 shield
rNeg     + + +     Faith    .   (armour currently unavailable)
rPois    +         Spirit   .   (helmet currently unavailable)
rElec    .         Reflect  .   (cloak currently unavailable)
rCorr    .         Harm     .   (gloves unavailable)
MR       .....     NoTele   +   (boots unavailable)
Stlth    +.........             y - amulet of the acrobat
HPRegen  0.75/turn              F - ring of see invisible
MPRegen  0.11/turn              z - +3 ring of protection

@: tree-form
A: large, unfitting armour, deterioration 1, dopey 1, fast metabolism 3,
gourmand, high mp 1, regeneration 1, robust 2
a: Renounce Religion


You were on level 6 of the Dungeon.
You worshipped Xom.
You were a special plaything of Xom.
You were full.
You were a tree.
You visited 1 branch of the dungeon, and saw 7 of its levels.

You collected 303 gold pieces.

Inventory:

Hand Weapons
 B - a +1 scythe of flaming
Armour
 a - a +0 robe (melded)
 b - a +0 shield (worn)
 c - a +0 cloak (melded)
Jewellery
 e - an uncursed ring of wizardry
 h - a +2 ring of strength
 p - an uncursed ring of magical power
 y - an amulet of the acrobat (around neck)
 z - a +3 ring of protection (right branch)
 F - a ring of see invisible (left branch)
Scrolls
 f - a scroll of random uselessness
 g - 4 scrolls of immolation
 i - 2 scrolls of blinking {unknown}
 j - a scroll of fear {unknown}
 n - 2 scrolls of teleportation {unknown}
 o - 3 scrolls of fog
 q - 6 scrolls of magic mapping {unknown}
 s - 4 scrolls of remove curse {unknown}
 t - a scroll of amnesia {unknown}
 u - a scroll of noise {unknown}
 A - 2 scrolls of enchant weapon {unknown}
Potions
 k - a potion of berserk rage {unknown}
 l - a potion of heal wounds
 m - 3 potions of brilliance
 r - a potion of lignification
 v - 2 potions of degeneration
 x - a potion of curing
 C - a potion of ambrosia {unknown}
Books
 w - a book of Maledictions

   Spells                             Type                      Level
   a - Corona                         Hexes                        1
   b - Ensorcelled Hibernation        Hexes/Ice                    2
   c - Confuse                        Hexes                        3
   d - Tukima's Dance                 Hexes                        3
   e - Dazzling Spray                 Conjuration/Hexes            3
 D - a book of Callings

   Spells                             Type                      Level
   a - Summon Small Mammal            Summoning                    1
   b - Call Imp                       Summoning                    2
   c - Call Canine Familiar           Summoning                    3
   d - Summon Guardian Golem          Hexes/Summoning              3
   e - Summon Lightning Spire         Summoning/Air                4
   f - Summon Ice Beast               Ice/Summoning                4
Comestibles
 d - 15 rations


   Skills:
 + Level 4.3 Fighting
 * Level 4.7 Throwing
 + Level 4.9 Dodging
 - Level 0.3 Stealth
 + Level 5.2 Shields
 * Level 7.4 Unarmed Combat


You had 8 spell levels left.
You didn't know any spells.

Dungeon Overview and Level Annotations

Branches:
Dungeon (7/15)             Temple (0/1) D:4

Altars:
Ashenzari
Dithmenos
Kikubaaqudgha
Xom
Zin


Innate Abilities, Weirdness & Mutations

You are too large for most types of armour.
((You have claws for hands.))
Your metabolism is lightning-fast.
You like to eat raw meat.
Your natural rate of healing is unusually fast.
((You are covered in fur. (AC +1)))
((You have very tough skin. (AC +2)))
((You have a pair of small horns on your head.))
Your body sometimes deteriorates upon taking damage.
You are dopey. (Int -2)
You have an increased reservoir of magic. (+10% MP)
You are very robust. (+20% HP)


Message History

The reaper is heavily wounded.
You hit the reaper.
The reaper is heavily wounded.
You block the reaper's attack.
You hit the reaper but do no damage.
The reaper is heavily wounded.
The reaper hits you with a scythe of protection!!!
* * * LOW HITPOINT WARNING * * *
Xom is mildly amused.
You feel much better.
You smack the reaper!
The reaper is severely wounded.
The reaper hits you with a scythe of protection!!!
* * * LOW HITPOINT WARNING * * *
Xom roars with laughter!
You hit the reaper but do no damage.
The reaper is severely wounded.
The reaper shouts, "Death awaits you!"
The reaper hits you with a scythe of protection.
You die...

#..........'.#...
#######....#.#.##
#....#.#.#
#....#.#.#
########....#<#.##
#...........)))...
#.######....[.)...
#)##############..
#♣2............'..
################.(
#.. ####.. #.....
#..... #....)
#..... #.....


You could see a reaper.

Vanquished Creatures
  Purgy (D:4)
  A phantom (D:6)
  A swamp drake (D:7)
  2 black bears (D:7)
  An ice beast (D:5)
  A sky beast (D:6)
  4 ogres (D:6)
  2 orc warriors
  A centaur (D:7)
  A big kobold (D:7)
  A bullfrog (D:7)
  4 scorpions
  A bullfrog zombie (D:5)
  A crimson imp (D:7)
  4 hounds
  A centaur zombie (D:7)
  3 orc priests
  A centaur skeleton (D:4)
  4 worker ants
  5 orc wizards
  A hound zombie (D:5)
  A hound skeleton (D:7)
  A howler monkey zombie (D:6)
  A worker ant zombie (D:7)
  3 gnolls (D:7)
  2 howler monkey skeletons
  3 adders
  An adder skeleton (D:7)
  2 worms (D:3)
  A dart slug (D:2)
  5 leopard geckos
  25 orcs
  2 ball pythons
  9 giant cockroaches
  7 goblins
  6 hobgoblins
  4 jackals (D:1)
  5 quokkas
  8 bats
  5 frilled lizards
  12 kobolds
  2 leopard gecko skeletons
  6 rats
152 creatures vanquished.

Vanquished Creatures (collateral kills)
  Sigmund (D:5)
1 creature vanquished.

Vanquished Creatures (others)
  2 orcs
2 creatures vanquished.

Grand Total: 155 creatures vanquished

Notes
Turn   | Place    | Note
-------+----------+-------------------------------------------
     0 | D:1      | vishdafish the Troll Fighter began the quest for the Orb.
     0 | D:1      | Reached XP level 1. HP: 22/22 MP: 0/0
     2 | D:1      | Noticed a demonspawn
     3 | D:1      | Noticed a ghoul
     5 | D:1      | Noticed a dwarf
     5 | D:1      | Noticed a halfling
     7 | D:1      | Noticed a naga
     7 | D:1      | Noticed an elf
     9 | D:1      | Noticed a spriggan
     9 | D:1      | Noticed an ogre
    11 | D:1      | Noticed a centaur
    11 | D:1      | Noticed a merfolk
    13 | D:1      | Noticed a tengu
    13 | D:1      | Noticed a felid
    15 | D:1      | Noticed a vine stalker
    17 | D:1      | Noticed a draconian
    19 | D:1      | Noticed a vampire
    19 | D:1      | Noticed a human
    21 | D:1      | Noticed a formicid
    21 | D:1      | Noticed a gargoyle
    23 | D:1      | Noticed a troll
    23 | D:1      | Noticed an octopode
    25 | D:1      | Noticed a demigod
    27 | D:1      | Noticed a minotaur
    68 | D:1      | Reached XP level 2. HP: 19/29 MP: 1/1
   669 | D:1      | Reached XP level 3. HP: 36/36 MP: 2/2
   816 | D:2      | Found a shimmering altar of Xom.
   882 | D:2      | Became a worshipper of Xom of Chaos
   948 | D:2      | XOM: harmless Erth miscast
  1049 | D:2      | XOM: cloud trail
  1202 | D:2      | Found a faded altar of an unknown god.
  1299 | D:2      | XOM is BORED!
  1299 | D:2      | XOM: mild Conj miscast
  1543 | D:3      | XOM: confuse monster(s)
  1681 | D:2      | XOM: harmless Tmut miscast
  1862 | D:3      | Reached skill level 3 in Unarmed Combat
  1862 | D:3      | Reached XP level 4. HP: 43/44 MP: 3/3
  2083 | D:3      | XOM: mild Air miscast
  2096 | D:3      | Reached XP level 5. HP: 50/50 MP: 4/4
  2189 | D:3      | You fall through a shaft for 2 floors!
  2189 | D:5      | XOM: stealth player
  2189 | D:5      | Entered Level 5 of the Dungeon
  2257 | D:5      | Noticed an ice beast
  2258 | D:5      | XOM: harmless Summ miscast
  2265 | D:5      | Killed an ice beast
  2265 | D:5      | Reached skill level 4 in Unarmed Combat
  2271 | D:5      | Reached XP level 6. HP: 58/59 MP: 5/5
  2276 | D:4      | XOM: noise
  2427 | D:4      | XOM: harmless Erth miscast
  2434 | D:4      | Noticed Purgy
  2446 | D:4      | XOM: harmless Erth miscast
  2449 | D:4      | Killed Purgy
  2498 | D:4      | Reached skill level 5 in Unarmed Combat
  2511 | D:4      | Reached XP level 7. HP: 40/66 MP: 6/6
  2630 | D:4      | Found a staircase to the Ecumenical Temple.
  2672 | D:4      | XOM: confuse monster(s)
  2744 | D:4      | Found a glowing silver altar of Zin.
  2970 | D:5      | Found a shattered altar of Ashenzari.
  2996 | D:5      | XOM: 3-stop teleportation journey
  3001 | D:5      | XOM: enchant monster (good)
  3008 | D:5      | Noticed Sigmund
  3017 | D:5      | Killed Sigmund
  3017 | D:5      | Reached skill level 1 in Throwing
  3100 | D:5      | You fall through a shaft for 2 floors!
  3213 | D:7      | XOM: 2-stop teleportation journey
  3271 | D:7      | Reached XP level 8. HP: 75/75 MP: 7/7
  3276 | D:7      | XOM: polymorph leopard gecko -> giant cockroach
  3331 | D:6      | Reached skill level 6 in Unarmed Combat
  3348 | D:6      | XOM: scenery: create altars
  3355 | D:6      | XOM: 1-stop teleportation journey
  3456 | D:6      | XOM: give mutations
  3456 | D:6      | Gained mutation: You are dopey. (Int -2) [Xom's mischief]
  3456 | D:6      | Gained mutation: You have an increased reservoir of magic. (+10% MP) [Xom's mischief]
  3456 | D:6      | Gained mutation: Your body sometimes deteriorates upon taking damage. [Xom's mischief]
  3693 | D:5      | Found a shadowy altar of Dithmenos.
  3823 | D:6      | XOM: chaos upgrade
  3824 | D:6      | XOM: enchant monster (bad)
  4048 | D:6      | Found an ancient bone altar of Kikubaaqudgha.
  4165 | D:6      | XOM: summons 1 hostile demon
  4357 | D:7      | XOM: potion effect (invisibility)
  4374 | D:6      | XOM: divination: detect items
  4388 | D:6      | XOM: give mutations
  4388 | D:6      | Gained mutation: You are robust. (+10% HP) [Xom's grace]
  4388 | D:6      | Gained mutation: You are very robust. (+20% HP) [Xom's grace]
  4388 | D:6      | Gained mutation: You have a pair of small horns on your head. [Xom's grace]
  4410 | D:6      | Reached skill level 5 in Shields
  4410 | D:6      | Reached skill level 7 in Unarmed Combat
  4410 | D:6      | XOM: enchant monster (bad)
  4412 | D:6      | Reached XP level 9. HP: 25/100 MP: 8/8
  4576 | D:7      | XOM: confusion (+ monsters)
  4579 | D:7      | XOM: polymorph ice beast -> swamp drake
  4753 | D:7      | XOM: severe Summ miscast
  4754 | D:7      | Noticed a reaper
  4848 | D:6      | HP: 2/150 [reaper/scythe of protection[the severe capriciousness of Xom] (40)]
  4849 | D:6      | Slain by a reaper

Vault maps used:
D:1:      kb_arrival_jail
D:2:      xom_teletrap_fun, first_ration, chequers_ecumenical_altar_lobes
D:4:      kennysheep_mini, minmay_temple_entry_overgrown, uniq_purgy
D:5:      ashenzari_conservatory_becter, nicolae_dithmenos_the_darkroom,
          uniq_sigmund
D:6:      kiku_gazebo_garden_becter
D:7:      nicolae_overflow_crystal_walls, kennysheep_windowed_goal

Skill      XL: |  1  2  3  4  5  6  7  8 |
---------------+-------------------------+-----
Shields        | 3 4 5 |  5.2
Unarmed Combat | 3 4 5 7 |  7.4
Dodging        | 3 4 |  4.9
Fighting       | 3 4 |  4.3
Throwing       | 2 4 |  4.7
Stealth        | |  0.3

Action                   |  1- 3 |  4- 6 |  7- 9 || total
-------------------------+-------+-------+-------++-------
Melee: Unarmed           |   149 |   130 |   244 ||   523
       Headbutt          |       |       |     7 ||     7
  Use: Potion            |       |     1 |     6 ||     7
       Scroll            |       |       |     7 ||     7
 Stab: Invisible         |       |       |     5 ||     5
       Confused          |       |       |     2 ||     2
  Eat: Chunk             |    21 |     8 |    19 ||    48
Armor: Robe              |    67 |    46 |    71 ||   184
       Skin              |       |       |     4 ||     4
Dodge: Dodged            |    63 |    50 |   108 ||   221
Block: Shield            |   103 |    77 |   120 ||   300

Table legend:
 A = Spawn XP
 B = Non-spawn XP
 C = Spawn XP percentage of total XP
 D = Spawn monster count
 E = Non-spawn monster count
 F = Spawn count percentage of total count
 G = Total turns spent on level
                    A         B        C        D         E        F      G
               +---------+---------+-------+---------+---------+-------+---------
         Total |       0 |    3574 |   0.0 |       0 |     154 |   0.0 |  4849
               +---------+---------+-------+---------+---------+-------+---------
           D:1 |       0 |      41 |   0.0 |       0 |      25 |   0.0 |   757
           D:2 |       0 |      42 |   0.0 |       0 |      21 |   0.0 |  1109
           D:3 |       0 |     133 |   0.0 |       0 |      21 |   0.0 |   323
           D:4 |       0 |     453 |   0.0 |       0 |      22 |   0.0 |   672
           D:5 |       0 |     476 |   0.0 |       0 |       9 |   0.0 |   468
           D:6 |       0 |    1293 |   0.0 |       0 |      31 |   0.0 |  1003
           D:7 |       0 |    1136 |   0.0 |       0 |      25 |   0.0 |   517
               +---------+---------+-------+---------+---------+-------+---------
